 Dungeon Crawl Stone Soup version 0.28-a0-1415-g7c84da036a (webtiles) character file.

Game seed: 17663895396941903891

252 SirFunk the Magician (level 6, -2/47 HPs)
             Began as a Djinni Fire Elementalist on Jan 8, 2022.
             Shot with an arrow by a centaur (9 damage)
             ... on level 3 of the Dungeon.
             The game lasted 00:06:23 (4131 turns).

SirFunk the Magician (Djinni Fire Elementalist)     Turns: 4131, Time: 00:06:24

Health: -2/47      AC:  2    Str:  7    XL:     6   Next: 36%
Gold:   156        EV: 12    Int: 19    God:
                   SH:  0    Dex: 13

rFire   + + .      SeeInvis .   g - +0 whip (drain)
rCold   x . .      Faith    .   (no shield)
rNeg    . . .      Spirit   .   a - +0 robe
rPois   ∞          Reflect  .   (no helmet)
rElec   .          Harm     .   (no cloak)
rCorr   .          Rampage  .   (no gloves)
Will    .....                   (boots unavailable)
Stlth   ++........              (no amulet)
HPRegen 0.15/turn               (no ring)
MPRegen 0.00/turn               (no ring)

@: flying
A: sickness immunity, fire resistance 2, cold vulnerability 1, float, innate
caster, hp casting, extra vitality 1
a: no special abilities


You were on level 3 of the Dungeon.
You visited 1 branch of the dungeon, and saw 3 of its levels.

You collected 156 gold pieces.

Inventory:

Hand Weapons
 b - a +0 long sword
 g - a +0 whip of draining (weapon)
 k - a +0 hunting sling
 l - a +3 dagger
Armour
 a - a +0 robe (worn)
Scrolls
 c - a scroll of immolation {unknown}
 d - 3 scrolls of identify {unknown}
 f - 2 scrolls of fog {unknown}
 n - a scroll of magic mapping {unknown}
 s - a scroll of torment {unknown}
 t - a scroll of teleportation {unknown}
 u - a scroll of amnesia {unknown}
Potions
 e - a potion of attraction {unknown}
 h - a potion of curing
 i - a potion of brilliance {unknown}
 j - 2 potions of magic {unknown}
 m - 2 potions of lignification {unknown}
 o - a potion of mutation {unknown}
 p - a potion of might {unknown}
 q - 2 potions of ambrosia {unknown}
 r - a potion of heal wounds {unknown}


   Skills:
 + Level 4.0 Fighting
 - Level 2.1 Dodging
 - Level 1.5 Stealth
 + Level 4.0 Spellcasting


You couldn't memorise any spells.
You knew the following spells:

 Your Spells              Type           Power      Damage    Failure   Level
a - Foxfire               Conj/Fire      76%        2x1d7     2%          1
b - Scorch                Fire           38%        2d7       4%          2
c - Conjure Flame         Conj/Fire      19%        6-21      8%          3
d - Inner Flame           Hex/Fire       19%        N/A       8%          3
e - Flame Wave            Conj/Fire      19%        2d5       26%         4
f - Pain                  Necr           76%        1d7       2%          1
g - Blink                 Tloc           38%        N/A       4%          2
Your spell library was empty.

Dungeon Overview and Level Annotations

Branches:
Dungeon (3/15)

Altars:
Gozag


Innate Abilities, Weirdness & Mutations

You are immune to sickness and miasma.
You are immune to poison.
Your flesh is very heat resistant. (rF++)
You are vulnerable to cold. (rC-)
You float through the air rather than walking.
You learn spells naturally, not from books.
Your magical power is your life essence.
You have superior vitality. (+4 MHP)


Message History

A frilled lizard comes into view.
A frilled lizard is nearby!
You conjure some foxfire!
You conjure some foxfire!
The foxfire hits the frilled lizard.
You kill the frilled lizard!
Your Fighting skill increases to level 4!
You conjure some foxfire!
Your foxfire dissipates! x2
Your foxfire dissipates!
You see here a frilled lizard corpse.
u - a scroll labelled YRAATZYXOD You see here an iguana skeleton.
A centaur comes into view.
The centaur shouts!
A centaur is nearby!
A centaur is nearby!
A centaur is nearby!
The centaur wields a +0 shortbow.
The centaur shoots an arrow.
The arrow hits you!
The centaur shoots an arrow.
The arrow hits you!
You conjure some foxfire!
The centaur shoots an arrow.
The arrow hits you!
You are too injured to fight recklessly!
Your foxfire dissipates!
The foxfire hits the centaur.
The centaur is lightly wounded.
You are too injured to fight recklessly!
You are too injured to fight recklessly!
You are too injured to fight recklessly!
Casting: Foxfire (safe; 2% risk of failure)
Confirm with . or Enter, or press ? or * to list all spells.
Okay, then.
Casting: Foxfire (safe; 2% risk of failure)
Confirm with . or Enter, or press ? or * to list all spells.
The fire begins to smoulder!
* * * LOW HITPOINT WARNING * * *
The centaur shoots an arrow.
The arrow barely misses you.
The centaur shoots an arrow.
The arrow hits you!
* * * LOW HITPOINT WARNING * * *
The fire ignites!
The centaur shoots an arrow.
The arrow hits you!
You die...

#.####...####.. #.#####.## #.#
#.......# #.# ####.############
#.# ....c§§..# #.. ####.###c#
##. # ###☼##### #.. #. #.......#
#.. ##.######## #@#.###.# #..
#.........# #.#..##.# #..
#.........#####.##....# #..
#.............#.##....########..
#.............#........#........
#...............................
#.............#........#........
#......)......#<##....########..
#........)#####.##....# #..


You could see a centaur.

Vanquished Creatures
  Jessica (D:2)
  Natasha (thrice) (D:2)
  An iguana (D:3)
  5 adders
  2 worms
  A dart slug (D:1)
  2 orcs (D:3)
  3 ball pythons
  5 endoplasms
  3 giant cockroaches
  7 goblins
  4 hobgoblins
  12 jackals
  2 quokkas
  8 bats
  4 frilled lizards
  5 kobolds
  3 rats
71 creatures vanquished.

Vanquished Creatures (others)
  225 foxfires
225 creatures vanquished.

Grand Total: 296 creatures vanquished

Notes
Turn   | Place    | Note
-------+----------+-------------------------------------------
     0 | D:1      | SirFunk the Djinni Fire Elementalist began the quest for
                  | the Orb.
     0 | D:1      | Reached XP level 1. HP: 15/15 MP: 0/0
   635 | D:1      | Reached skill level 1 in Fighting
   635 | D:1      | Reached XP level 2. HP: 21/22 MP: 0/0
   640 | D:1      | Found a faded altar of an unknown god.
  1274 | D:1      | Reached XP level 3. HP: 25/27 MP: 0/0
  1274 | D:1      | Learned a level 1 spell: Pain
  1928 | D:2      | Noticed Natasha
  1938 | D:2      | Killed Natasha
  1939 | D:2      | Reached XP level 4. HP: 29/34 MP: 0/0
  2050 | D:2      | Noticed Jessica
  2061 | D:2      | Killed Jessica
  2062 | D:2      | Reached XP level 5. HP: 21/40 MP: 0/0
  2062 | D:2      | Learned a level 2 spell: Blink
  2343 | D:2      | Noticed Natasha
  2373 | D:2      | Killed Natasha
  2480 | D:2      | Noticed Natasha
  2497 | D:2      | Killed Natasha
  3187 | D:3      | Reached XP level 6. HP: 45/46 MP: 0/0
  3476 | D:3      | Found an opulent altar of Gozag.
  4131 | D:3      | Shot with an arrow by a centaur

Illustrated notes

Levels and vault maps discovered:
D:1:      dpeg_arrival_radiant, layout_basic, dreamdust_ecumenical_altar_statues
D:2:      layout_basic, uniq_natasha, uniq_jessica
D:3:      layout_loops_cross, grunt_gozag_breadcrumbs

Skill      XL: |  1  2  3  4  5  6 |
---------------+-------------------+-----
Fighting       | 1 2 3 4 |  4.0
Spellcasting   | 3 4 |  4.0
Dodging        | |  2.1
Stealth        | |  1.5

Action                   |  1- 3 |  4- 6 || total
-------------------------+-------+-------++-------
Melee: Long sword        |     8 |       ||     8
       Unarmed           |     6 |       ||     6
       Whip              |     8 |    50 ||    58
       Punch             |       |     1 ||     1
 Cast: Foxfire           |    53 |    90 ||   143
       Blink             |       |     1 ||     1
       Conjure Flame     |       |     1 ||     1
  Use: Potion            |       |     2 ||     2
Armor: Robe              |     6 |    21 ||    27
Dodge: Dodged            |    16 |    52 ||    68

Table legend: (Time is in decaauts)
 A = Elapsed time spent in this place.
 B = Non-inter-level travel time spent in this place.
 C = Inter-level travel time spent in this place.
 D = Time resting spent in this place.
 E = Time spent auto-exploring this place.
 F = Levels seen in this place.
 G = Mean time per level.
                   A        B        C        D        E       F      G
               +--------+--------+--------+--------+--------+-----+--------+
         Total |   4153 |   4101 |     52 |    586 |   2829 |   3 | 1384.3 |
       Dungeon |   4153 |   4101 |     52 |    586 |   2829 |   3 | 1384.3 |
               +--------+--------+--------+--------+--------+-----+--------+

Top non-repeatable levels by time:
     D:1: 1603 daAuts
     D:2: 1595 daAuts
     D:3: 955 daAuts
